 Dungeon Crawl Stone Soup version 0.30-a0-118-ga018f8e90f (webtiles) character file.

Game seed: 10866410846216193913

50 Newt the Insei (level 3, -9/24 HPs)
             Began as an Octopode Transmuter on Sept 13, 2022.
             Mangled by a gnoll
             ... wielding a +0 halberd
              (14 damage)
             ... on level 2 of the Dungeon.
             The game lasted 00:01:58 (2419 turns).

Newt the Insei (Octopode Transmuter)                Turns: 2419, Time: 00:01:59

Health: -9/24      AC:  1    Str: 11    XL:     3   Next: 79%
Magic:  3/6        EV: 13    Int: 15    God:
Gold:   172        SH:  0    Dex: 12    Spells: 3/6 levels left

rFire   . . .      SeeInvis .      - Unarmed
rCold   . . .      Faith    .    (no shield)
rNeg    . . .      Spirit   .    (helmet currently unavailable)
rPois   .          Reflect  .    (no amulet)
rElec   .          Harm     .    (no ring)
rCorr   .          Rampage  .    (no ring)
Will    .....                    (no ring)
Stlth   ++........               (no ring)
HPRegen 0.08/turn                (no ring)
MPRegen 0.10/turn                (no ring)
                                 (no ring)
                                 (no ring)

@: appendages (expiring), wereblooded
A: tentacle spike 3, almost no armour, amphibious, 8 rings, camouflage 1,
gelatinous body 1, (nimble swimmer 1), tentacles
a: End Transformation


You were on level 2 of the Dungeon.
One of your tentacles had grown a beastly spike.
You visited 1 branch of the dungeon, and saw 3 of its levels.

You collected 172 gold pieces.

Inventory:

Missiles
 a - 2 poisoned darts
Scrolls
 b - a scroll of vulnerability {unknown}
 d - a scroll of magic mapping {unknown}
Potions
 c - a potion of heal wounds
 e - a potion of resistance {unknown}
 f - 3 potions of curing
 g - 2 potions of brilliance
 h - a potion of mutation {unknown}


   Skills:
 + Level 1.7 Fighting
 + Level 2.4 Dodging
 + Level 3.3 Unarmed Combat
 + Level 2.3 Spellcasting
 + Level 2.5 Transmutations


You had 3 spell levels left.
You knew the following spells:

 Your Spells              Type           Power      Damage    Failure   Level
a - Beastly Appendage     Tmut           18%        N/A       8%          1
b - Wereblood             Tmut           9%         N/A       12%         2

Your spell library contained the following spells:

 Spells                   Type           Power      Damage    Failure   Level
 Spider Form              Tmut/Pois      5%         N/A       36%         3
 Ice Form                 Ice/Tmut       5%         N/A       77%         4


Dungeon Overview and Level Annotations

Branches:
Dungeon (3/15)

Altars:


Innate Abilities, Weirdness & Mutations

One of your tentacles has grown a beastly spike.
You cannot wear most types of armour.
You are amphibious.
You can wear up to eight rings at the same time.
Your skin changes colour to match your surroundings (Stealth+).
Your rubbery body absorbs attacks. (AC +1, EV +1)
((You are camouflaged when in or above water. (Stealth+)))
You have tentacles for arms and can constrict up to eight enemies at once.


Message History

The rat is severely wounded.
You constrict the rat.
You kill the rat!
No target in view!
No target in view!
No target in view!
No target in view! 2 gnolls come into view.
There are monsters nearby! 3 gnolls and a frilled lizard come into view.
The gnoll shouts!
A gnoll comes into view. It is wielding a +0 club.
There is a stone staircase leading up here.
The gnoll hits you with a +0 halberd!
There is a stone staircase leading up here.
Unknown command.
Casting: Wereblood (safe; 12% risk of failure)
Confirm with . or Enter, or press ? or * to list all spells.
One of your tentacles grows a vicious spike.
The gnoll hits you with a +0 halberd!
Ouch! That really hurt!
* * * LOW HITPOINT WARNING * * *
You closely miss the gnoll. Your grab misses the gnoll.
The gnoll barely misses you.
Unknown command.
The gnoll misses you.
You climb upwards.
Your transformation is almost over.
There is a stone staircase leading down here.
Unknown command.
Casting: Beastly Appendage (safe; 8% risk of failure)
Confirm with . or Enter, or press ? or * to list all spells.
Your blood is infused with primal strength.
The gnoll barely misses you.
Unknown command.
You barely miss the gnoll. You grab the gnoll.
You pierce the gnoll.
The gnoll is lightly wounded.
You constrict the gnoll. The gnoll hits you with a +0 halberd!
Ouch! That really hurt!
You die...

#.###### #.##...##
####### #.......#
#...... ####....#
#.##### ####.# #.#
#.#### #.# #..).#
#.#
##########....####
#.#
...............g@#
#.#####
###########...##.#
#.....# #...##.#
#####.# ######.#
#.# #.# #.# #.#
#.# #.# #.# #.#
########.# #.#
#........#


You could see a gnoll.

Vanquished Creatures
  An adder (D:2)
  A dart slug (D:1)
  3 endoplasms
  2 giant cockroaches
  4 goblins
  2 hobgoblins
  3 jackals (D:3)
  2 kobolds (D:1)
  2 quokkas (D:1)
  4 ball pythons
  9 bats
  A frilled lizard (D:1)
  2 rats (D:3)
36 creatures vanquished.

Notes
Turn   | Place    | Note
-------+----------+-------------------------------------------
     0 | D:1      | Newt the Octopode Transmuter began the quest for the Orb.
     0 | D:1      | Reached XP level 1. HP: 13/13 MP: 3/3
    65 | D:1      | Reached XP level 2. HP: 3/18 MP: 5/5
   935 | D:1      | Learned a level 2 spell: Wereblood
  1196 | D:2      | Found a faded altar of an unknown god.
  1207 | D:2      | Reached XP level 3. HP: 22/23 MP: 4/6
  2419 | D:2      | Mangled by a gnoll

Illustrated notes

Levels and vault maps discovered:
D:1:      lightli_arrival_quake, layout_rooms, minmay_misc_feat_ornament
D:2:      layout_basic, nicolae_ecumenical_pavilion
D:3:      layout_basic, amcnicky_altar_gilded, minitemple, minmay_pentangle,
          uniq_sigmund

Action                   || total
-------------------------++-------
Melee: Unarmed           ||    81
       Tentacles         ||    15
       Constrict         ||    14
       Kick              ||     6
       Punch             ||     2
 Cast: Beastly Appendage ||     5
       Wereblood         ||     3
  Use: Potion            ||     3
       Scroll            ||     4
 Stab: Sleeping          ||     4
Armor: Skin              ||    20
Dodge: Dodged            ||    74

Table legend: (Time is in decaauts)
 A = Elapsed time spent in this place.
 B = Non-inter-level travel time spent in this place.
 C = Inter-level travel time spent in this place.
 D = Time resting spent in this place.
 E = Time spent auto-exploring this place.
 F = Levels seen in this place.
 G = Mean time per level.
                   A        B        C        D        E       F      G
               +--------+--------+--------+--------+--------+-----+--------+
         Total |   2414 |   2396 |     18 |    601 |   1567 |   3 |  804.7 |
       Dungeon |   2414 |   2396 |     18 |    601 |   1567 |   3 |  804.7 |
               +--------+--------+--------+--------+--------+-----+--------+

Top non-repeatable levels by time:
     D:1: 1193 daAuts
     D:2: 1001 daAuts
     D:3: 219 daAuts
